 Dungeon Crawl Stone Soup version 0.30.1-4-g462c640d31 (webtiles) character file.

Game seed: 11144805913859477184

451 Wiggles the Chopper (level 6, -8/84 HPs)
             Began as a Minotaur Berserker on Aug 13, 2023.
             Was a Priest of Trog.
             Mangled by an ogre
             ... wielding a +0 giant club
              (24 damage)
             ... on level 4 of the Dungeon.
             The game lasted 00:04:22 (2642 turns).

Wiggles the Chopper (Minotaur Berserker)            Turns: 2642, Time: 00:04:23

Health: -8/84      AC:  8    Str: 23    XL:     6   Next: 75%
Magic:  0/5        EV: 11    Int:  4    God:    Trog [***...]
Gold:   235        SH:  0    Dex: 10    Spells: 5/5 levels left

rFire   + . .        a - +0 hand axe
rCold   . . .        (no shield)
rNeg    . . .        q - +0 scale mail
rPois   .            (helmet restricted)
rElec   .            (no cloak)
rCorr   .            m - +0 pair of gloves
SInv    .            (no boots)
Will    .....        r - amulet of guardian spirit Stlth
                     n - ring of protection from fire
HPRegen 0.34/turn    v - ring of flight
MPRegen 0.09/turn

%: guardian spirit
@: berserking, flying, very quick
A: horns 2, retaliatory headbutt
a: Renounce Religion, Berserk, Trog's Hand


You were on level 4 of the Dungeon.
You worshipped Trog.
Trog was most pleased with you.
You visited 1 branch of the dungeon, and saw 4 of its levels.

You collected 235 gold pieces.

Inventory:

Hand Weapons
 a - a +0 hand axe (weapon)
Armour
 m - a +0 pair of gloves (worn)
 q - a +0 scale mail (worn)
Jewellery
 n - a ring of protection from fire (left hand)
 r - an amulet of guardian spirit (around neck)
 v - a ring of flight (right hand)
Wands
 o - a wand of digging (6)
 t - a wand of roots (8)
Scrolls
 f - 2 scrolls of fear {unknown}
 h - 2 scrolls of brand weapon {unknown}
 i - 2 scrolls of fog {unknown}
 j - a scroll of summoning {unknown}
 k - a scroll of poison {unknown}
 l - a scroll of teleportation {unknown}
 p - 5 scrolls of identify {unknown}
 s - 2 scrolls of vulnerability {unknown}
 u - 2 scrolls of noise {unknown}
Potions
 b - 2 potions of heal wounds {unknown}
 c - a potion of cancellation {unknown}
 d - 3 potions of lignification {unknown}
 e - 4 potions of curing {unknown}
 g - a potion of haste {unknown}


   Skills:
 + Level 5.5 Fighting
 + Level 6.5 Axes
 + Level 4.3 Armour
 + Level 3.3 Dodging
 + Level 1.0 Stealth


You had 5 spell levels left.
You didn't know any spells.
Your spell library was empty.

Dungeon Overview and Level Annotations

Branches:
Dungeon (4/15)
 Temple: D:4-7

Altars:
Makhleb
Qazlal


Innate Abilities, Weirdness & Mutations

You have a pair of horns on your head.
You reflexively headbutt those who attack you in melee.


Message History

No target in view!
Found a stone staircase leading up.
The frilled lizard hisses angrily.
Found a stone staircase leading up.
No reachable target in view!
An ogre comes into view. It is wielding a +0 giant club.
The ogre shouts!
An ogre is nearby!
The ogre closely misses you.
You hit the ogre.
The ogre is lightly wounded.
The ogre closely misses you.
You slash the ogre!
The ogre is moderately wounded.
You barely miss the ogre.
The ogre is moderately wounded.
The ogre misses you.
You hit the ogre but do no damage.
The ogre is moderately wounded.
The ogre hits you with a +0 giant club!!
You slash the ogre!
The ogre is severely wounded.
You hit the ogre. You punch the ogre.
The ogre is almost dead.
The ogre hits you with a +0 giant club!
You hit the ogre but do no damage.
The ogre is almost dead.
The ogre hits you with a +0 giant club!
You hit the ogre but do no damage.
The ogre is almost dead.
You hit the ogre but do no damage. You headbutt the ogre.
The ogre is almost dead.
The ogre hits you with a +0 giant club!
* * * LOW HITPOINT WARNING * * *
You barely miss the ogre.
The ogre is almost dead.
A red film seems to cover your vision as you go berserk!
You feel yourself moving faster!
You feel mighty!
The ogre hits you with a +0 giant club!!
You die...

...b#..>.... #.# #.#
#..†...# #.# #.#
#....... #.#
#####.#'###.
#.#####.'####'#...
#.#............#..
#.#............#..
#O#............#..
#@#............+..
#.#............#..
#.#............#..
###.######..........
#...# #..........
#.#.# #..........
##.########..........
#<.# #........####..
##.####........# ##


You could see an ogre.

Vanquished Creatures
  A black bear (D:4)
  A phantom (D:3)
  A scorpion (D:4)
  An iguana (D:4)
  Ijyb (D:4)
  Terence (D:3)
  A sleepcap (D:4)
  5 adders
  An ufetubus (D:4)
  2 worms (D:2)
  2 dart slugs
  An orc (D:3)
  5 bats (D:3)
  6 endoplasms
  3 giant cockroaches
  8 goblins
  7 hobgoblins
  3 jackals (D:3)
  4 quokkas
  7 ball pythons
  6 frilled lizards
  5 kobolds
  7 rats
79 creatures vanquished.

Notes
Turn   | Place    | Note
-------+----------+-------------------------------------------
     0 | D:1      | Wiggles the Minotaur Berserker began the quest for the Orb.
     0 | D:1      | Reached XP level 1. HP: 19/19 MP: 0/0
   152 | D:1      | Found a faded altar of an unknown god.
   308 | D:1      | Reached XP level 2. HP: 27/27 MP: 1/1
   333 | D:1      | Reached skill level 4 in Axes
   958 | D:2      | Reached ** piety under Trog
   959 | D:2      | Reached XP level 3. HP: 34/34 MP: 2/2
  1117 | D:2      | Found a burning altar of Makhleb.
  1227 | D:2      | Reached XP level 4. HP: 39/41 MP: 3/3
  1506 | D:3      | Noticed Terence
  1506 | D:3      | Noticed a phantom
  1511 | D:3      | Killed Terence
  1516 | D:3      | Killed a phantom
  1517 | D:3      | Reached skill level 5 in Fighting
  1517 | D:3      | Reached skill level 5 in Axes
  1517 | D:3      | Reached XP level 5. HP: 48/48 MP: 4/4
  1744 | D:3      | Reached *** piety under Trog
  1923 | D:4      | Noticed Ijyb
  1934 | D:4      | Killed Ijyb
  2002 | D:4      | Reached skill level 6 in Axes
  2002 | D:4      | Reached XP level 6. HP: 53/56 MP: 5/5
  2337 | D:4      | Found a stormy altar of Qazlal.
  2373 | D:4      | Reached skill level 1 in Stealth
  2642 | D:4      | Mangled by an ogre

Illustrated notes

Levels and vault maps discovered:
D:1:      heliophobic_arrival_ceremonial_halls, layout_basic,
          hellmonk_ecumenical_altar_leap_of_faith, minmay_3d_cube
D:2:      layout_basic, basic_altar, minmay_cupped
D:3:      layout_rooms, uniq_terence
D:4:      layout_basic, mainiacjoe_overflow_paths, serial_aquarium,
          aquarium_bridge_square [aquarium_subvault_wall,
          aquarium_subvault_bridge, aquarium_subvault_wall,
          aquarium_subvault_bridge], aquarium_window_3, aquarium_window_2,
          aquarium_view_2c, aquarium_view_4, uniq_ijyb

Skill      XL: |  1  2  3  4  5  6 |
---------------+-------------------+-----
Axes           | 4 5 6 |  6.5
Fighting       | 4 5 |  5.5
Armour         | 3 4 |  4.3
Dodging        | 3 |  3.3
Stealth        | 1 |  1.0

Action                     |  1- 3 |  4- 6 || total
---------------------------+-------+-------++-------
  Melee: Hand axe          |    67 |    94 ||   161
         Headbutt          |     8 |    16 ||    24
         Punch             |     1 |     1 ||     2
 Invoke: Berserk           |       |     3 ||     3
   Stab: Sleeping          |     1 |       ||     1
 Armour: Animal skin       |     2 |       ||     2
         Ring mail         |    20 |     1 ||    21
         Scale mail        |       |    33 ||    33
         Skin              |       |     1 ||     1
  Dodge: Dodged            |    38 |    61 ||    99
